AoeStats
← Barnico

Nomad

510437305Analyzed
2v2 RM · 1d ago on Oct 1, 2026· 37m 48s· 4 players
Game mode
Random Map
Map size
176×176
Population
200
Speed
Normal
Resources
Standard
Victory
Conquest
Starting age
Dark Age
Ending age
Imperial Age
RankedLock teamsTeams togetherTeam positionsShared explorationLock speedFull tech treeHidden civsTurbo modeCheats
Victory
Defeat
🇨🇳 Dravidians · China
1071
+17
🇨🇦 Ethiopians · Canada
1054
+18
🇲🇽 Vietnamese · Mexico
1123
-18
🇨🇦 Dravidians · Canada
1081
-17
wujiang
6:07 Loom
16:04 Feudal Age
16:41 Double-Bit Axe
17:14 Fishing Lines
21:22 Castle Age
19:50 Fletching
19:58 Gold Mining
21:54 Padded Archer Armor
22:21 Medium Warships
22:23 Bow Saw
22:58 Bodkin Arrow
24:49 Wheelbarrow
26:09 Leather Archer Armor
29:37 Scale Barding Armor
30:36 Husbandry
30:41 Horse Collar
37:43 Ballistics
Barnico
3:04 Loom
14:26 Feudal Age
18:57 Castle Age
17:03 Stone Mining
22:19 Scale Mail Armor
22:30 Forging
27:06 Forging
27:48 Double-Bit Axe
30:38 Chain Mail Armor
30:58 Iron Casting
36:40 Iron Casting
40:05 Imperial Age
bohsainn
5:59 Loom
15:47 Feudal Age
17:27 Wheelbarrow
16:39 Double-Bit Axe
17:43 Fishing Lines
20:25 Castle Age
19:22 Fletching
21:34 Medium Warships
21:17 Gillnets
21:45 Bodkin Arrow
23:50 Bow Saw
24:06 Thumb Ring
23:51 Crossbowman
25:11 Ballistics
28:06 Hand Cart
28:00 Demolition Ship
30:00 Elite Skirmisher
32:12 Padded Archer Armor
38:22 Imperial Age
39:05 Imperial Age
nazcas777
4:46 Loom
12:39 Feudal Age
18:34 Castle Age
18:16 Fletching
18:16 Double-Bit Axe
18:13 Horse Collar
18:29 Gold Mining
20:17 Bow Saw
34:48 Wheelbarrow
Connection lost

Rejoining the realm…

Still unreachable

The connection could not be restored.

Session expired

The server has moved on; the page needs a fresh start.